 Dungeon Crawl Stone Soup version 0.21-a0-400-g417d9d2 (webtiles) character file.

16 slep the Shooter (level 2, 0/21 HPs)
             Began as a Demonspawn Wanderer on Oct 21, 2017.
             Succumbed to a kobold's poison
             ... on level 1 of the Dungeon.
             The game lasted 00:02:28 (140 turns).

slep the Shooter (Demonspawn Wanderer)               Turns: 140, Time: 00:02:29

Health: 0/21       AC:  2    Str: 10 (13) XL:     2   Next: 41%
Magic:  3/3        EV: 11    Int:  9 (12) God:
Gold:   24         SH:  0    Dex:  9 (12) Spells: 2/3 levels left

rFire    . . .     SeeInvis .   (no weapon)
rCold    . . .     Gourm    .   (no shield)
rNeg     . . .     Faith    .   e - +0 robe
rPois    .         Spirit   .   (no helmet)
rElec    .         Reflect  .   (no cloak)
rCorr    .         Harm     .   (no gloves)
MR       .....                  (no boots)
Stlth    ++........             (no amulet)
HPRegen  0.07/turn              (no ring)
MPRegen  0.08/turn              (no ring)

@: lethally poisoned (0 -> -15)
A: nightstalker 1
a: no special abilities


You were on level 1 of the Dungeon.
You were not hungry.

You visited 1 branch of the dungeon, and saw 1 of its levels.

You collected 24 gold pieces.

Inventory:

Hand Weapons
 a - a +2 shortbow
Missiles
 b - 25 arrows
Armour
 e - a +0 robe (worn)
Books
 c - the Incunabulum of Dark Rites

   Spells                             Type                      Level
   a - Animate Skeleton               Necromancy                   1
   b - Regeneration                   Charms/Necromancy            3
 d - the Guide on Intoxication

   Spells                             Type                      Level
   a - Sting                          Conjuration/Poison           1
   b - Ignite Poison                  Fire/Transmutation/Poison    3
Comestibles
 f - a bread ration


   Skills:
 + Level 1.1 Fighting
 + Level 2.3 Bows
 + Level 2.2 Armour
 + Level 0.2 Unarmed Combat
 + Level 1.0 Spellcasting
   Level 1.0 Transmutations
 + Level 1.0 Poison Magic
   Level 2.0 Evocations


You had 2 spell levels left.
You knew the following spells:

 Your Spells              Type           Power        Failure   Level  Hunger
a - Sting                 Conj/Pois      #...         30%         1    ##.....


Dungeon Overview and Level Annotations

Branches:
Dungeon (1/15)

Altars:


Innate Abilities, Weirdness & Mutations

You are slightly more attuned to the shadows.


Message History

* * * LOW HITPOINT WARNING * * *
You hit the hobgoblin.
You kill the hobgoblin!
A kobold comes into view. It is wielding a short sword of venom.
Items here: ( )) ? ††† The kobold hits you with a short sword of venom.
* * * LOW HITPOINT WARNING * * *
You are lethally poisoned!
Found a stone staircase leading down.
You completely miss the kobold.
* * * LOW HITPOINT WARNING * * *
You feel sick. The kobold closely misses you.
You barely miss the kobold.
* * * LOW HITPOINT WARNING * * *
You feel sick.
The kobold hits you with a short sword of venom.
* * * LOW HITPOINT WARNING * * *
You are more poisoned.
You hit the kobold but do no damage.
You die...

+# ###### #
..######....# .#
........(.(.#######.##
>......(.)...........#
.....................#
......K..............#
......@.#+#.(........#
........#.#..........#
........#............#
.........##..........##
.........##..........##
.........##..........##
.........##............
#..........##
#..........##


You could see a kobold.

Vanquished Creatures
  A gnoll (D:1)
  A ball python (D:1)
  2 goblins (D:1)
  A hobgoblin (D:1)
  A frilled lizard (D:1)
  A kobold (D:1)
  A rat (D:1)
8 creatures vanquished.

Notes
Turn   | Place    | Note
-------+----------+-------------------------------------------
     0 | D:1      | slep the Demonspawn Wanderer began the quest for the Orb.
     0 | D:1      | slep set off with: a +2 shortbow, 32 arrows, the Incunabulum of Dark Rites, the Guide on Intoxication, a +0 robe, a bread ration
     0 | D:1      | Reached XP level 1. HP: 15/15 MP: 2/2
     0 | D:1      | Identified the Incunabulum of Dark Rites
     0 | D:1      | Identified the Guide on Intoxication
     2 | D:1      | Learned a level 1 spell: Sting
   120 | D:1      | Gained mutation: You are slightly more attuned to the shadows. [demonic ancestry]
   120 | D:1      | Reached XP level 2. HP: 15/21 MP: 3/3
   139 | D:1      | HP: 1/21 [kobold/short sword of venom (1)]
   140 | D:1      | Succumbed to a kobold's poison

Vault maps used:
D:1:      lightli_arrival_lavapool

Skill      XL: |  1 |
---------------+----+-----
Bows           | 2 |  2.3
Armour         | 2 |  2.2
Fighting       | |  1.1
Unarmed Combat | |  0.2
Spellcasting   | |  1.0
Transmutations | |  1.0
Poison Magic   | |  1.0
Evocations     | |  2.0

Action                   || total
-------------------------++-------
Melee: Unarmed           ||    25
 Fire: Shortbow          ||     9
  Use: Potion            ||     1
Armor: Robe              ||     8
Dodge: Dodged            ||     9

Table legend:
 A = Spawn XP
 B = Non-spawn XP
 C = Spawn XP percentage of total XP
 D = Spawn monster count
 E = Non-spawn monster count
 F = Spawn count percentage of total count
 G = Total turns spent on level
                    A         B        C        D         E        F      G
               +---------+---------+-------+---------+---------+-------+---------
         Total |       0 |      24 |   0.0 |       0 |       8 |   0.0 |   140
               +---------+---------+-------+---------+---------+-------+---------
           D:1 |       0 |      24 |   0.0 |       0 |       8 |   0.0 |   140
               +---------+---------+-------+---------+---------+-------+---------
